 Dungeon Crawl Stone Soup version 0.18.1-8-gdd0e5ea (webtiles) character file.

2760 nikopol the Poker (level 9, 0/80 HPs)
             Began as a Minotaur Berserker on May 30, 2016.
             Was an Elder of Trog.
             Slain by Erolcha
             ... wielding a +0 giant club
              (19 damage)
             ... on level 8 of the Dungeon.
             The game lasted 00:18:08 (6216 turns).

nikopol the Poker (Minotaur Berserker)              Turns: 6216, Time: 00:18:09

Health: 0/80       AC: 12    Str: 24    XL:     9   Next: 41%
Magic:  8/8        EV: 14    Int:  4    God:    Trog [****..]
Gold:   343        SH:  0    Dex: 15    Spells: 0 memorised, 8 levels left

rFire  + . .     SeeInvis .     B - +5 hand axe of Jannasodgh {flame, rElec rPois rF+ Dex+4}
rCold  . . .     Gourm    .     t - +0 scale mail
rNeg   . . .     Faith    .     (no shield)
rPois  +         Spirit   .     x - +1 hat
rElec  +         Dismiss  .     H - +2 cloak {+Inv}
rCorr  .         Reflect  .     (no gloves)
SustAt .         Harm     .     (no boots)
MR     .....                    (no amulet)
Stlth  ..........               (no ring)
                                (no ring)

@: not resistant to hostile enchantments, extremely unstealthy
A: retaliatory headbutt, horns 2
a: Berserk, Trog's Hand, Brothers in Arms, Burn Spellbooks, Renounce Religion,
Evoke Invisibility


You were on level 8 of the Dungeon.
You worshipped Trog.
Trog was greatly pleased with you.
You were not hungry.

You visited 1 branch of the dungeon, and saw 8 of its levels.

You collected 343 gold pieces.

Inventory:

Hand Weapons
 a - a +0 spear
 w - a +4 spear
 B - the +5 hand axe of Jannasodgh (weapon) {flame, rElec rPois rF+ Dex+4}
   (You found it on level 6 of the Dungeon)

   It has been specially enchanted to burn those struck by it, causing extra
   injury to most foes and up to half again as much damage against particularly
   susceptible opponents.
   Big, fiery blades are also staple armaments of hydra-hunters.
   It affects your dexterity (+4).
   It protects you from fire.
   It insulates you from electricity.
   It protects you from poison.
Missiles
 u - 23 tomahawks (quivered)
Armour
 b - a +0 animal skin
 t - a +0 scale mail (worn)
 x - a +1 hat (worn)
 H - a +2 cloak of invisibility (worn)
Jewellery
 C - an uncursed ring of ice
Wands
 I - a wand of confusion (16/48)
 K - a wand of teleportation (5/9)
 L - a wand of disintegration (11/24)
 M - a wand of digging (19/24)
Scrolls
 e - 9 scrolls of identify
 g - 4 scrolls of enchant armour
 h - 7 scrolls of remove curse
 j - 2 scrolls of teleportation
 l - 3 scrolls of immolation
 p - a scroll of enchant weapon
 q - a scroll of blinking
 s - a scroll of amnesia {unknown}
 v - a scroll of noise {unknown}
 y - a scroll of fog {unknown}
 E - 2 scrolls of random uselessness {unknown}
Potions
 i - 4 potions of lignification
 k - 4 potions of invisibility {unknown}
 m - 2 potions of cancellation {unknown}
 n - 2 potions of berserk rage {unknown}
 z - a potion of flight {unknown}
 A - 3 potions of curing {unknown}
 D - a potion of ambrosia {unknown}
 F - 3 potions of brilliance {unknown}
 G - a potion of magic {unknown}
Comestibles
 c - 11 bread rations
 f - 6 meat rations
 o - a fruit
 J - 6 beef jerkies


   Skills:
 + Level 7.6 Fighting
 * Level 5.4(7.3) Axes
 - Level 7.7(8.5) Polearms
 + Level 4.5 Throwing
 + Level 6.8 Armour
 + Level 6.4 Dodging


You had 8 spell levels left.
You didn't know any spells.

Dungeon Overview and Level Annotations

Branches:
Dungeon (8/15)             Temple (0/1) D:6
   Lair: D:8-11

Altars:
Cheibriados
Fedhas
Gozag
Kikubaaqudgha
Makhleb
Okawaru
Ru
Zin

Portals:
Ossuary: D:8

Annotations:
D:8 Erolcha


Innate Abilities, Weirdness & Mutations

You reflexively headbutt those who attack you in melee.
You have a pair of horns on your head.


Message History

Deactivating autopickup; reactivate with Ctrl-A.
Found a scroll of immolation.
Your magical contamination has completely faded away.
Something hits you!
Found 4 gold pieces.
Found a sand-covered staircase.
Something hits you!
You hear the slow hiss of an avalanche of sand.
Something hits you!
You closely miss something. Your headbutt misses something. Something hits you.
You slash something! You burn something. You headbutt something!
Something hits you!
You hit something. You burn something. You slash something! You burn something.
Something hits you!
You hit something but do no damage. Something hits you but does no damage.
You barely miss something. Something hits you!
* * * LOW HITPOINT WARNING * * *
You barely miss something. You hit something but do no damage.
You headbutt something. Something hits you!!
You die...

.,* *,#......# .,*
*,#.#....# .,*
***,#.#....######* .,*
*,..#.#.>........*
**********,...............*
*,,,,,,,.######........*
*,,,,,,,,#..,,#........*
*,,,,,,,,#..###.......?*
*,,,,,,,,#∩..@{........*
*,,,,,,,,#$.###........*
*,,,,,,,,#..,,#........*
*,,,,,,,,###**#........*
*******,,,,,,,..#######*
********###


There were no monsters in sight!

Vanquished Creatures
  Prince Ribbit (D:6)
  Sigmund (D:2)
  2 ice beasts
  A phantom (D:6)
  3 ogres
  An orc warrior (D:7)
  A centaur (D:6)
  A big kobold (D:7)
  2 giant frogs (D:7)
  2 scorpions (D:4)
  5 killer bees (D:5)
  4 crimson imps
  A jelly (D:6)
  A quasit (D:8)
  A gnoll shaman (D:5)
  Crazy Yiuf (D:6)
  2 giant frog skeletons (D:4)
  2 hounds
  10 orc wizards
  2 orc priests (D:7)
  6 worker ants
  3 iguanas
  A hound zombie (D:5)
  A hound skeleton (D:6)
  3 adders
  8 gnolls
  An ooze (D:4)
  3 adder zombies
  5 dart slugs
  7 giant geckos
  23 orcs
  2 giant cockroaches
  6 goblins
  A hobgoblin (D:1)
  5 jackals
  16 kobolds
  A quokka (D:2)
  A ball python (D:1)
  6 bats
  10 giant newts
  8 rats
161 creatures vanquished.

Vanquished Creatures (others)
  A kobold (D:7)
1 creature vanquished.

Grand Total: 162 creatures vanquished

Notes
Turn   | Place    | Note
--------------------------------------------------------------
     0 | D:1      | nikopol the Minotaur Berserker began the quest for the Orb.
     0 | D:1      | Reached XP level 1. HP: 19/19 MP: 0/0
   130 | D:1      | Reached XP level 2. HP: 14/27 MP: 1/1
   636 | D:2      | Reached ** piety under Trog
   659 | D:2      | Reached XP level 3. HP: 27/33 MP: 2/2
  1147 | D:2      | Noticed Sigmund
  1156 | D:2      | Killed Sigmund
  1156 | D:2      | Reached XP level 4. HP: 41/41 MP: 3/3
  1156 | D:2      | Reached XP level 5. HP: 47/47 MP: 4/4
  1277 | D:2      | Reached skill level 5 in Fighting
  1913 | D:3      | Found a glowing silver altar of Zin.
  1925 | D:3      | Reached skill level 5 in Polearms
  2132 | D:3      | Reached *** piety under Trog
  2132 | D:3      | Reached XP level 6. HP: 56/56 MP: 5/5
  2156 | D:3      | Found an opulent altar of Gozag.
  2265 | D:3      | Found an ancient bone altar of Kikubaaqudgha.
  2390 | D:4      | Reached skill level 1 in Throwing
  2560 | D:4      | Reached XP level 7. HP: 61/61 MP: 6/6
  2883 | D:4      | Found a snail-covered altar of Cheibriados.
  2992 | D:5      | Entered Level 5 of the Dungeon
  3167 | D:5      | Reached skill level 5 in Armour
  3167 | D:5      | Reached skill level 5 in Dodging
  3369 | D:5      | Found a blossoming altar of Fedhas.
  3554 | D:5      | Reached XP level 8. HP: 70/70 MP: 7/7
  3603 | D:5      | Found a sacrificial altar of Ru.
  3617 | D:5      | Reached **** piety under Trog
  4145 | D:6      | Got a steaming hand axe
  4146 | D:6      | Identified the +5 hand axe of Jannasodgh {flame, rElec rPois rF+ Dex+4} (You found it on level 6 of the Dungeon)
  4179 | D:6      | Found a staircase to the Ecumenical Temple.
  4215 | D:6      | Noticed Prince Ribbit
  4227 | D:6      | Killed Prince Ribbit
  4466 | D:6      | Found a burning altar of Makhleb.
  4588 | D:6      | Noticed Crazy Yiuf
  4593 | D:6      | Killed Crazy Yiuf
  4719 | D:7      | Reached XP level 9. HP: 79/79 MP: 8/8
  5695 | D:7      | Reached skill level 5 in Axes
  5880 | D:7      | Found an iron altar of Okawaru.
  6197 | D:8      | Noticed Erolcha
  6203 | D:8      | Found a sand-covered staircase.
  6216 | D:8      | Slain by Erolcha

Skill      XL: |  1  2  3  4  5  6  7  8  9 |
---------------+----------------------------+-----
Polearms       | 4 5 7 |  7.7
Fighting       | 4 5 6 7 |  7.6
Armour         | 3 4 5 6 |  6.8
Dodging        | 3 4 5 6 |  6.4
Throwing       | 1 2 4 |  4.5
Axes           | 4 5 |  5.4

Action                   |  1- 3 |  4- 6 |  7- 9 || total
-------------------------+-------+-------+-------++-------
Melee: Spear             |    75 |   101 |   175 ||   351
       Headbutt          |    10 |     9 |    46 ||    65
       Hand axe          |       |       |   129 ||   129
Throw: Tomahawk          |       |     1 |       ||     1
Invok: Berserk           |     2 |     1 |     2 ||     5
       Trog's Hand       |       |     1 |       ||     1
       Burn Spellbooks   |       |       |     2 ||     2
  Use: Scroll            |       |       |     9 ||     9
  Eat: Chunk             |     2 |     6 |    14 ||    22
Armor: Animal skin       |     7 |     1 |       ||     8
       Scale mail        |       |    13 |    71 ||    84
Dodge: Dodged            |    28 |    39 |   136 ||   203
